 Dungeon Sprint DCSS version 0.18-a0-998-gcb3fcb1 (webtiles) character file.

868 esc the Fighter (level 8, -3/97 HPs)
             Began as an Ogre Hunter on Jan 5, 2016.
             Was an Initiate of Okawaru.
             Slain by an ufetubus (5 damage)
             ... summoned by a kobold demonologist
             ... while paralysed
             ... in the Dungeon (Sprint I: "Red Sonja").
             The game lasted 00:03:57 (350 turns).

esc the Fighter (Ogre Hunter)                        Turns: 350, Time: 00:03:57

Health: -3/97      AC: -17   Str: 18      XL:     8   Next: 3%
Magic:  9/11       EV:  1    Int: 10      God:    Okawaru [......]
Gold:   416        SH:  0    Dex:  0 (12) Spells: 0 memorised, 7 levels left

rFire  . . .     SeeInvis .     m - +0 giant club
rCold  . . .     Gourm    .     b - +0 robe
rNeg   . . .     Faith    .     (shield currently unavailable)
rPois  .         Spirit   .     (helmet restricted)
rElec  .         Dismiss  .     (no cloak)
rCorr  .         Reflect  .     (gloves unavailable)
SustAt .         Harm     .     (boots unavailable)
MR     .....     NoTele   +     (no amulet)
Stlth  ..........               (no ring)
                                (no ring)

@: paralysed, corroded equipment, slowed, lost dexterity, not resistant to
hostile enchantments, extremely unstealthy
A: unfitting armour, tough skin 1
a: Renounce Religion


You were in the Dungeon.
You worshipped Okawaru.
Okawaru was noncommittal.
You were not hungry.

You visited 1 branch You collected 416 gold pieces.

Inventory:

Hand Weapons
 a - a +0 short sword
 m - a +0 giant club (weapon)
   (You took it off an ogre in the Dungeon)
Missiles
 c - 2 large rocks (quivered) {!d}
 d - 2 throwing nets {=f, !d}
Armour
 b - a +0 robe (worn)
Scrolls
 k - a scroll of blinking {!r}
Potions
 e - a potion of curing
 g - a potion of heal wounds
 h - a potion of haste
 i - 2 potions of magic
 j - a potion of berserk rage {!q}
Comestibles
 f - 2 bread rations {@e1}
 l - 6 chunks of flesh {@w0}


   Skills:
 + Level 11.5 Fighting
 + Level 9.0 Maces & Flails
 + Level 9.6 Throwing
 + Level 8.2 Dodging
 - Level 0.7 Stealth
 + Level 4.1 Invocations


You had 7 spell levels left.
You didn't know any spells.

Dungeon Overview and Level Annotations

Branches:
Dungeon (1/1)

Altars:
Cheibriados
Dithmenos
Elyvilon
Fedhas
Gozag
Kikubaaqudgha
Makhleb
Nemelex Xobeh
Okawaru
Pakellas
Qazlal
Ru
Sif Muna
Trog
Vehumet
Xom
Yredelemnul
Zin
The Shining One
Jiyva

Shops:
D ?


Innate Abilities, Weirdness & Mutations

You are too large for most types of armour.
You have tough skin (AC +1).


Message History

The kobold demonologist barely misses you.
The rust devil hits you! The rust devil corrodes you! The quasit bites you.
The quasit closely misses you. The quasit claws you.
You feel clumsy. The giant eyeball gazes at you.
You suddenly lose the ability to move!
The quasit bites you. The quasit claws you. The quasit claws you.
You feel clumsy.
The kobold demonologist hits you with a dagger.
The rust devil hits you. The rust devil corrodes you! The quasit bites you.
The quasit claws you. The quasit claws you.
You feel clumsy.
The kobold demonologist hits you with a dagger.
The rust devil hits you. The rust devil corrodes you!
You can move again.
You take 36 damage, and have 48/87 hp.
MASSIVE DAMAGE!!
Unknown command.
Unknown command.
You hit the kobold demonologist but do no damage.
The quasit closely misses you. The quasit completely misses you.
The quasit barely misses you. The kobold demonologist misses you.
The rust devil hits you. The rust devil corrodes you! The quasit bites you.
The quasit claws you.
You feel clumsy. The quasit claws you. The giant eyeball gazes at you.
You shrug off the repeated paralysis!
You take 4 damage, and have 44/87 hp.
You barely miss the kobold demonologist.
The quasit closely misses you. x2
The quasit claws you.
The kobold demonologist hits you with a dagger.
The rust devil hits you. The rust devil corrodes you!
The quasit closely misses you. The quasit misses you. The quasit claws you.
You feel clumsy.
You take 9 damage, and have 35/87 hp.
You sock the kobold demonologist!
The kobold demonologist hits you with a dagger.
The rust devil hits you!
* * * LOW HITPOINT WARNING * * *
The rust devil corrodes you! The quasit bites you.
* * * LOW HITPOINT WARNING * * *
The quasit claws you.
* * * LOW HITPOINT WARNING * * *
You feel clumsy. The quasit closely misses you. The rust devil hits you.
* * * LOW HITPOINT WARNING * * *
The rust devil corrodes you!
The kobold demonologist barely misses you.
You take 16 damage, and have 19/87 hp.
You sock the kobold demonologist!
You kill the kobold demonologist!
Okawaru accepts your kill.
Your Fighting skill increases to level 11!
Your Maces & Flails skill increases to level 9!
Your Dodging skill increases to level 8!
Your Invocations skill gained 2 levels and is now at level 4!
You have reached level 8!
You feel your dexterity returning.
The rust devil disappears in a puff of smoke!
The quasit bites you.
* * * LOW HITPOINT WARNING * * *
The quasit closely misses you. The quasit claws you.
* * * LOW HITPOINT WARNING * * *
You feel clumsy. The giant eyeball gazes at you.
You suddenly lose the ability to move!
The quasit completely misses you. The quasit claws you.
* * * LOW HITPOINT WARNING * * *
You feel clumsy. The quasit claws you.
* * * LOW HITPOINT WARNING * * *
You feel clumsy. The quasit bites you.
* * * LOW HITPOINT WARNING * * *
The quasit claws you.
* * * LOW HITPOINT WARNING * * *
You feel clumsy. The quasit claws you.
* * * LOW HITPOINT WARNING * * *
The kobold demonologist mumbles some strange words.
You can move again.
You take 12 damage, and have 7/97 hp.
Aim: a kobold demonologist, wielding a dagger and wearing a robe (moderately wounded)
You throw a large rock {!d}.
The large rock {!d} hits the giant eyeball!!
You kill the giant eyeball!
Okawaru accepts your kill. The quasit misses you. The quasit claws you.
* * * LOW HITPOINT WARNING * * *
You feel clumsy. The quasit claws you.
* * * LOW HITPOINT WARNING * * *
You feel clumsy.
You have lost your dexterity.
The ufetubus hits you.
* * * LOW HITPOINT WARNING * * *
The ufetubus hits you.
You die...

#####################
.'..#.)'..#__#.§@5K5#
.#..'..#..'..'..#5(5#
###'#####'#__####..5+
##..#...#.#### ####
_####..##.#
.___##'#..+
.∩...÷..._#
..._##_.#'#
____###+#(#


You could see a kobold demonologist, 2 quasits, 2 crimson imps and an ufetubus.

Vanquished Creatures
  A kobold demonologist (D)
  A slime creature (D)
  Sigmund (D)
  A yak (D)
  An ogre (D)
  A jelly (D)
  Ijyb (D)
  A giant eyeball (D)
8 creatures vanquished.

Notes
Turn   | Place    | Note
--------------------------------------------------------------
     0 | D        | esc the Ogre Hunter began the quest for the Orb.
     0 | D        | Reached XP level 1. HP: 22/22 MP: 1/1
     1 | D        | Noticed Ijyb
     4 | D        | Killed Ijyb
     4 | D        | Reached skill level 5 in Fighting
     4 | D        | Reached skill level 5 in Throwing
     4 | D        | Reached skill level 3 in Dodging
     4 | D        | Reached XP level 2. HP: 24/35 MP: 2/2
     4 | D        | Reached XP level 3. HP: 28/42 MP: 3/3
   102 | D        | Noticed an ogre
   106 | D        | Killed an ogre
   106 | D        | Reached skill level 7 in Fighting
   106 | D        | Reached skill level 6 in Throwing
   106 | D        | Reached skill level 5 in Dodging
   106 | D        | Reached XP level 4. HP: 50/55 MP: 4/4
   132 | D        | Noticed Sigmund
   133 | D        | Killed Sigmund
   133 | D        | Reached skill level 9 in Fighting
   133 | D        | Reached skill level 5 in Maces & Flails
   133 | D        | Reached skill level 7 in Throwing
   133 | D        | Reached skill level 6 in Dodging
   133 | D        | Reached XP level 5. HP: 62/67 MP: 5/5
   133 | D        | Reached XP level 6. HP: 69/75 MP: 6/6
   169 | D        | Found a deep blue altar of Sif Muna.
   171 | D        | Found a radiant altar of Vehumet.
   176 | D        | Reached skill level 8 in Throwing
   226 | D        | Found Soahauff's Magic Scroll Emporium.
   226 | D        | Found a white marble altar of Elyvilon.
   226 | D        | Found a stormy altar of Qazlal.
   226 | D        | Found a burning altar of Makhleb.
   226 | D        | Found a sacrificial altar of Ru.
   226 | D        | Found an oddly glowing altar of Pakellas.
   226 | D        | Found a basalt altar of Yredelemnul.
   226 | D        | Found a glowing golden altar of the Shining One.
   226 | D        | Found a sparkling altar of Nemelex Xobeh.
   226 | D        | Found a shimmering altar of Xom.
   226 | D        | Found an opulent altar of Gozag.
   226 | D        | Found an ancient bone altar of Kikubaaqudgha.
   226 | D        | Found a glowing silver altar of Zin.
   226 | D        | Noticed a yak
   230 | D        | Killed a yak
   230 | D        | Reached skill level 10 in Fighting
   230 | D        | Reached skill level 7 in Maces & Flails
   230 | D        | Reached skill level 7 in Dodging
   230 | D        | Reached XP level 7. HP: 72/87 MP: 7/7
   231 | D        | Found an iron altar of Okawaru.
   234 | D        | Found a bloodstained altar of Trog.
   244 | D        | Became a worshipper of Warmaster Okawaru
   303 | D        | Found a snail-covered altar of Cheibriados.
   303 | D        | Found a viscous altar of Jiyva.
   303 | D        | Found a shadowy altar of Dithmenos.
   303 | D        | Found a blossoming altar of Fedhas.
   303 | D        | Noticed a slime creature
   307 | D        | Killed a slime creature
   307 | D        | Reached skill level 8 in Maces & Flails
   307 | D        | Reached skill level 9 in Throwing
   307 | D        | Reached skill level 2 in Invocations
   335 | D        | Noticed a kobold demonologist
   336 | D        | Noticed a kobold demonologist
   341 | D        | Noticed a rust devil
   342 | D        | Paralysed by a giant eyeball for 3 turns
   347 | D        | HP: 20/87 [quasit[a kobold demonologist] (2)]
   348 | D        | Killed a kobold demonologist
   348 | D        | Reached skill level 11 in Fighting
   348 | D        | Reached skill level 9 in Maces & Flails
   348 | D        | Reached skill level 8 in Dodging
   348 | D        | Reached skill level 4 in Invocations
   348 | D        | Reached XP level 8. HP: 20/97 MP: 9/11
   348 | D        | Paralysed by a giant eyeball for 2 turns
   349 | D        | HP: 9/97 [quasit[a kobold demonologist] (2)]
   350 | D        | HP: 4/97 [quasit[a kobold demonologist] (2)]
   350 | D        | Lost dexterity.
   350 | D        | Slain by an ufetubus

Vault maps used:
D:        dungeon_sprint_1

Action                   |  1- 3 |  4- 6 |  7- 9 || total
-------------------------+-------+-------+-------++-------
Melee: Short sword       |     2 |       |       ||     2
       Giant club        |       |     7 |    11 ||    18
Throw: Large rock        |     3 |     1 |     4 ||     8
       Throwing net      |     1 |       |       ||     1

Vault maps used:
D:        dungeon_sprint_1

Table legend:
 A = Turns spent in this place as a percentage of turns spent in the entire game.
 B = Non-inter-level travel turns spent in this place as a percentage of non-inter-level travel turns spent in the entire game.
 C = Inter-level travel turns spent in this place as a percentage of turns spent in this place.
 D = Turns resting spent in this place as a percentage of non-inter-level travel turns spent in this place.
 E = Turns spent auto-exploring this place as a percentage of non-inter-level travel turns spent in this place.
 F = Non-inter-level travel turns spent in this place divided by the number of levels of this place that you've seen.
                   A       B       C       D       E      F
               +-------+-------+-------+-------+-------+----------------------
         Total | 100.0 | 100.0 |   0.0 |   8.8 |   0.0 | 136.0
       Dungeon | 100.0 | 100.0 |   0.0 |   8.8 |   0.0 | 136.0
               +-------+-------+-------+-------+-------+----------------------

Table legend:
 A = Kills in this place as a percentage of kills in entire the game.
 B = Kills by you in this place as a percentage of kills by you in the entire game.
 C = Kills by friends in this place as a percentage of kills by friends in the entire game.
 D = Other kills in this place as a percentage of other kills in the entire game.
 E = Experience gained in this place as a percentage of experience gained in the entire game.
 F = Experience gained in this place divided by the number of levels of this place that you have seen.
                   A       B       C       D       E      F
               +-------+-------+-------+-------+-------+----------------------
         Total | 100.0 | 100.0 |  -nan |  -nan | 100.0 | 1241.0
       Dungeon | 100.0 | 100.0 |  -nan |  -nan | 100.0 | 1241.0
               +-------+-------+-------+-------+-------+----------------------
